[Event "4th Batumi Cup 2018"]
[Site "Batumi"]
[Date "2018.07.05"]
[Round "4"]
[White "Nigmatov, Ortik"]
[Black "Maghalashvili, Davit"]
[Result "1/2-1/2"]
[ECO "A13"]
[WhiteElo "2461"]
[BlackElo "2508"]
[Annotator "ChessBase"]
[PlyCount "36"]
[EventDate "2018.07.03"]
[EventType "swiss"]
[EventCountry "GEO"]
[SourceTitle "playchess.com"]
[Source "ChessBase"]
[SourceQuality "1"]
[TimeControl "40/5400+30:1800+30"]

1. Nf3 {[%emt 0:00:00] d5e3 [%clk 1:30:54]} Nf6 2. c4 e6 3. b3 Bd6 4. Bb2 O-O 5. Nc3 a6 6. Qc2 b6 7. Ng5 g6 8. h4 h6 9. Nf3 Nc6 {[%emt 0:00:30] cxd5 [%clk 1:30:54] Nb4 [%clk 1:11:25]} 10. Qc1 {[%emt 0:00:30] Nbxd5 [%clk 1:11:25]} Nd5 {[%emt 0:00:00] exd5 [%clk 1:11:25] Qc3 [%clk 1:30:54] Be7 [%clk 1:11:25]} 11. Ne5 {[%emt 0:00:30] Ne4 [%clk 1:11:25] Qc6 [%clk 1:30:54]} Bb4 {[%emt 0:01:00] Bd3 [%clk 1:30:54] Bxd2+ [%clk 1:11:25] Ke2 [%clk 1:30:54] Bb4 [%clk 1:11:25]} 12. h5 {[%emt 0:00:30] Qd6 [%clk 1:11:25] Bxe4 [%clk 1:30:54] dxe4 [%clk 1:11:25] Qxd6 [%clk 1:30:54]} Bd6 13. hxg6 f6 14. Nf7 Kg7 15. Nxd6 cxd6 16. Rh4 {[%emt 0:00:30] Bf5 [%clk 1:11:25] Rf4 [%clk 1:30:54] Bxg6 [%clk 1:11:25] Rc1 [%clk 1:30:54] Rac8 [%clk 1:11:25] Rxf6 [%clk 1:30:54] Bh5+ [%clk 1:11:25] Kd2 [%clk 1:30:54] Rxc1 [%clk 1:11:25] Rxd6+ [%clk 1:30:54] Kh7 [%clk 1:11:25] Rd7 [%clk 1:30:54]} Rf7 {[%emt 0:00:30] Rxf7 [%clk 1:30:54] Bxf7 [%clk 1:11:25] Bxc1 [%clk 1:30:54] Kg6 [%clk 1:11:25] Bb2 [%clk 1:30:54] Kf5 [%clk 1:11:25] Bd4 [%clk 1:30:54] b5 [%clk 1:11:25] Kc3 [%clk 1:30:54] h5 [%clk 1:11:25] Bb6 [%clk 1:30:54] Ke5 [%clk 1:11:25] Kb4 [%clk 1:30:54] Be6 [%clk 1:11:25] Kc5 [%clk 1:30:54] Bg4 [%clk 1:11:25] Bc7 [%clk 1:30:54] Ke6 [%clk 1:11:25]} 17. g3 {[%emt 0:00:30] Kd7 [%clk 1:11:25] Be5 [%clk 1:30:54] Be2 [%clk 1:11:25] Kb6 [%clk 1:30:54] Bd3 [%clk 1:11:25] Kxa6 [%clk 1:30:54] Kc6 [%clk 1:11:25] Ka5 [%clk 1:30:54] Be2 [%clk 1:11:25] Kb4 [%clk 1:30:54] Kd5 [%clk 1:11:25] Bg7 [%clk 1:30:54] Bf1 [%clk 1:11:25] Kc3 [%clk 1:30:54] Be2 [%clk 1:11:25] Kd2 [%clk 1:30:54] Bf1 [%clk 1:11:25] Bd4 [%clk 1:30:54] Ke6 [%clk 1:11:25] f3 [%clk 1:30:54] exf3 [%clk 1:11:25] e4 [%clk 1:30:54] f2 [%clk 1:11:25] Bxf2 [%clk 1:30:54] Ke5 [%clk 1:11:25] Ke3 [%clk 1:30:54] Bg2 [%clk 1:11:25] g4 [%clk 1:30:54] hxg4 [%clk 1:11:25] Bg3+ [%clk 1:30:54] Ke6 [%clk 1:11:25] Kd4 [%clk 1:30:54] Bf3 [%clk 1:11:25] Kc5 [%clk 1:30:54] Be2 [%clk 1:11:25] Kb4 [%clk 1:30:54] Kd7 [%clk 1:11:25] a4 [%clk 1:30:54] bxa4 [%clk 1:11:25] Kxa4 [%clk 1:30:54] Kc6 [%clk 1:11:25] Ka5 [%clk 1:30:54] Bd3 [%clk 1:11:25]} e5 {[%emt 0:00:00] Be2 [%clk 1:11:25]} 18. b4 {[%emt 0:00:30] Bc4 [%clk 1:11:25] Bh2 [%clk 1:30:54] Bb5 [%clk 1:11:25] Bg3 [%clk 1:30:54] Bc4 [%clk 1:11:25] Bf2 [%clk 1:30:54] Bb5 [%clk 1:11:25] e6 [%clk 1:30:54] Bc4 [%clk 1:11:25]} b5 {[%emt 0:00:00] Bxb5 [%clk 1:11:25] e7 [%clk 1:30:54] Kd7 [%clk 1:11:25] Kxb5 [%clk 1:30:54] Kxe7 [%clk 1:11:25]} 1/2-1/2

[Event "4th Batumi Cup 2018"]
[Site "Batumi"]
[Date "2018.07.05"]
[Round "4"]
[White "Bashirov, Teymur"]
[Black "Mammadova, Narmin"]
[Result "0-1"]
[ECO "D27"]
[WhiteElo "2379"]
[BlackElo "2209"]
[Annotator "NA"]
[PlyCount "145"]
[EventDate "2018.07.03"]
[EventType "swiss"]
[EventCountry "GEO"]
[SourceTitle "playchess.com"]
[Source "ChessBase"]
[SourceQuality "1"]
[TimeControl "40/5400+30:1800+30"]

1. d4 d5 2. c4 dxc4 3. e3 Nf6 4. Bxc4 e6 5. Nf3 a6 6. O-O b5 7. Be2 Bb7 8. b3 Nbd7 9. Bb2 Be7 10. Nbd2 c5 {[%emt 0:05:42] LiveBook: 46 Games} 11. Rc1 Rc8 $11 12. a4 bxa4 13. bxa4 O-O 14. Rb1 Rc7 15. Bc3 Qa8 16. Ne1 cxd4 17. Bxd4 Rfc8 18. Bf3 e5 19. Ba1 e4 20. Be2 Bd5 21. Nb3 Ba3 22. g3 Bc4 23. Nd4 Ba2 24. Nec2 Bxb1 25. Qxb1 Bf8 26. Rd1 Nd5 27. Bg4 Rb8 28. Qa2 N7f6 29. Bh3 Qb7 30. Bf1 Rbc8 31. Bh3 Rb8 32. Bf1 Qc8 33. Rb1 Rxb1 34. Qxb1 a5 35. Qb3 Rb7 36. Nb5 Qc5 37. Bd4 Qc6 38. Bb2 Rd7 39. Ncd4 Qb7 40. Bh3 Rd8 41. Kg2 Nb4 42. Nc3 Qc7 43. Ncb5 Qb6 44. Nc3 Rb8 45. Ncb5 Nd3 46. Bc3 Bb4 47. Nf5 Bxc3 48. Qxc3 Qc5 49. Qd2 Qb4 50. Qa2 Qb2 51. Qxb2 Nxb2 52. Ne7+ Kf8 53. Nc6 Rb6 54. Nxa5 Nxa4 55. Nd4 Nc5 56. Nc4 Rb1 57. Bc8 Rc1 58. Nd2 Ke7 59. h4 Kd8 60. Bh3 Rd1 61. Nc4 h5 62. Bf5 g6 63. Bh3 Nd3 64. Nc6+ Ke8 65. Nd4 Kf8 66. Bc8 Rc1 67. Nd6 Ke7 68. N4b5 Rc2 69. Bb7 Rxf2+ 70. Kg1 Rf3 71. Nxe4 Nxe4 72. Bxe4 Rxg3+ 73. Kh2 0-1

[Event "4th Batumi Cup 2018"]
[Site "Batumi"]
[Date "2018.07.05"]
[Round "4"]
[White "Mgeladze, Tamaz"]
[Black "Sattarov, Bobir"]
[Result "1-0"]
[ECO "A26"]
[WhiteElo "2374"]
[BlackElo "2328"]
[Annotator "NA"]
[PlyCount "109"]
[EventDate "2018.07.03"]
[EventType "swiss"]
[EventCountry "GEO"]
[SourceTitle "playchess.com"]
[Source "ChessBase"]
[SourceQuality "1"]
[TimeControl "40/5400+30:1800+30"]

1. c4 Nf6 2. g3 g6 3. Bg2 Bg7 4. Nf3 O-O 5. O-O d6 6. Nc3 Nc6 7. Rb1 a5 8. d3 h6 9. a3 e5 10. b4 axb4 11. axb4 Be6 12. b5 Ne7 13. Qb3 Qd7 14. Rd1 Bh3 15. Bh1 Ng4 16. Bb2 f5 17. Ra1 Rab8 $11 18. Ra7 Kh8 19. Rda1 f4 20. Ne4 Nf5 21. Bg2 Bxg2 22. Kxg2 g5 23. h3 Nge3+ 24. fxe3 Nxe3+ 25. Kf2 Qxh3 26. gxf4 g4 27. Kxe3 gxf3 28. Kd2 Qh2 29. Re1 Qxf4+ 30. e3 Qh2+ 31. Kc3 f2 32. Rf1 Qh3 33. Raa1 Qxe3 34. Qd1 Rf3 35. Kc2 Rbf8 36. Qd2 Qb6 37. Bc3 d5 38. cxd5 Kh7 39. Rab1 Qa7 40. b6 Qa2+ 41. Rb2 Qxd5 42. bxc7 Qc6 43. Rxf2 Qxc7 44. Rxf3 Rxf3 45. Qg2 Rf7 46. Qh3 Kh8 47. Qe6 Rf1 48. Qd5 Rf7 49. Ra2 Rf8 50. Ra7 Rf7 51. Ra8+ Kh7 52. Re8 b5 53. Nd6 Rf2+ 54. Kb3 Qa7 55. Qe4+ 1-0

[Event "4th Batumi Cup 2018"]
[Site "Batumi"]
[Date "2018.07.05"]
[Round "4"]
[White "Pogosyan, Stefan"]
[Black "Tereladze, Sopiko"]
[Result "1-0"]
[ECO "C85"]
[WhiteElo "2356"]
[BlackElo "2169"]
[Annotator "NA"]
[PlyCount "109"]
[EventDate "2018.07.03"]
[EventType "swiss"]
[EventCountry "GEO"]
[SourceTitle "playchess.com"]
[Source "ChessBase"]
[SourceQuality "1"]
[TimeControl "40/5400+30:1800+30"]

1. e4 e5 2. Nf3 Nc6 3. Bb5 a6 4. Ba4 Nf6 5. O-O Be7 6. Bxc6 dxc6 7. d3 Bd6 8. Nbd2 Be6 9. b3 Nd7 10. Nc4 Bxc4 11. dxc4 Qe7 12. Bg5 f6 13. Bd2 Nc5 14. b4 Nxe4 15. c5 Bxc5 16. bxc5 Qxc5 17. Be3 Qd5 18. Qb1 Nd6 19. Rd1 Qb5 20. Qb3 Qxb3 21. axb3 Kf7 22. Bb6 cxb6 23. Rxd6 Rhd8 24. Rdd1 Ke6 25. Kf1 Rxd1+ 26. Rxd1 a5 27. Ke2 b5 28. Nd2 f5 29. c4 bxc4 30. Nxc4 b5 31. Nb2 a4 32. bxa4 bxa4 33. Ra1 a3 34. Nc4 a2 35. Ne3 e4 36. Nd1 Kd5 37. Nc3+ Kc4 38. Nxa2 Ra3 39. Rc1+ Kb5 40. Rc2 c5 41. Nc3+ Kc6 42. Ke3 g6 43. h3 h6 44. g4 Kd6 45. Kf4 Ke6 46. h4 Rb3 47. Rc1 Rb4 48. gxf5+ gxf5 49. Nd1 Rd4 50. Ne3 Rd2 51. Rc2 Rxc2 52. Nxc2 c4 53. h5 c3 54. Ne3 Kf6 55. Nd5+ 1-0

[Event "4th Batumi Cup 2018"]
[Site "Batumi"]
[Date "2018.07.05"]
[Round "4"]
[White "Lomsadze, Davit"]
[Black "Garayev, Kanan"]
[Result "1/2-1/2"]
[ECO "A04"]
[WhiteElo "2348"]
[BlackElo "2300"]
[Annotator "NA"]
[PlyCount "100"]
[EventDate "2018.07.03"]
[EventType "swiss"]
[EventCountry "GEO"]
[SourceTitle "playchess.com"]
[Source "ChessBase"]
[SourceQuality "1"]
[TimeControl "40/5400+30:1800+30"]

1. Nf3 g6 2. g3 Bg7 3. Bg2 c5 4. O-O Nc6 5. d3 e6 6. Nc3 Nge7 7. Bd2 d5 8. a3 b6 9. Rb1 a5 10. e4 Bb7 11. exd5 exd5 12. Bf4 O-O 13. Qd2 Nf5 $11 14. Nb5 Ncd4 15. Nfxd4 Nxd4 16. Nxd4 cxd4 17. Rfe1 Rc8 18. h4 h5 19. Bg5 Bf6 20. Bh6 Bg7 21. Bf4 Qd7 22. Kh2 Qc6 23. Re7 Bf6 24. Re2 Rce8 25. Rbe1 Rxe2 26. Qxe2 Bc8 27. Bh6 Rd8 28. Qf3 Bf5 29. Rc1 b5 30. Bd2 Be5 31. Bh3 Bxh3 32. Kxh3 a4 33. Kg2 Qf6 34. Qxf6 Bxf6 35. Kf3 Rc8 36. Bb4 Kg7 37. Ke2 g5 38. hxg5 Bxg5 39. Bd2 Kg6 40. Bxg5 Kxg5 41. Kd2 f5 42. Re1 f4 43. Re5+ Kg4 44. Rxd5 fxg3 45. fxg3 Rh8 46. Rxd4+ Kxg3 47. Rd7 h4 48. Rg7+ Kf2 49. Rf7+ Kg2 50. Rg7+ Kf2 1/2-1/2

[Event "4th Batumi Cup 2018"]
[Site "Batumi"]
[Date "2018.07.05"]
[Round "4"]
[White "Chkhaidze, Nikoloz"]
[Black "Rahul Srivatshav P"]
[Result "1/2-1/2"]
[ECO "E92"]
[WhiteElo "2337"]
[BlackElo "2397"]
[Annotator "NA"]
[PlyCount "20"]
[EventDate "2018.07.03"]
[EventType "swiss"]
[EventCountry "GEO"]
[SourceTitle "playchess.com"]
[Source "ChessBase"]
[SourceQuality "1"]
[TimeControl "40/5400+30:1800+30"]

1. d4 Nf6 2. c4 g6 3. Nc3 Bg7 4. e4 d6 5. Nf3 O-O 6. Be2 e5 7. d5 a5 8. Bg5 h6 9. Be3 Ng4 10. Bd2 Na6 1/2-1/2

[Event "4th Batumi Cup 2018"]
[Site "Batumi"]
[Date "2018.07.05"]
[Round "4"]
[White "Sanchez, Louis"]
[Black "Stepanyan, Eva"]
[Result "1-0"]
[ECO "A11"]
[WhiteElo "2290"]
[BlackElo "2096"]
[Annotator "NA"]
[PlyCount "65"]
[EventDate "2018.07.03"]
[EventType "swiss"]
[EventCountry "GEO"]
[SourceTitle "playchess.com"]
[Source "ChessBase"]
[SourceQuality "1"]
[TimeControl "40/5400+30:1800+30"]

1. Nf3 d5 2. g3 c6 3. Bg2 Nf6 4. O-O Bf5 5. c4 e6 6. cxd5 cxd5 7. Qb3 Qc8 8. Nc3 Nc6 9. d3 {[%emt 0:00:35] LiveBook: 65 Games} Be7 10. Bf4 O-O 11. Rac1 Qd7 12. e4 Bg6 $16 13. Ne5 Nxe5 14. Bxe5 Ng4 15. Bf4 d4 16. Nb5 a6 17. Nc7 Rac8 18. Bh3 Bd6 19. Nxe6 Rxc1 20. Rxc1 fxe6 21. Bxd6 Qxd6 22. Bxg4 Bf7 23. Qxb7 e5 24. Rc6 Qd8 25. Qxa6 Qg5 26. Bf5 g6 27. Bh3 Qd2 28. Rc8 Qxb2 29. Rxf8+ Kxf8 30. a4 Qc1+ 31. Kg2 Qc5 32. a5 Kg7 33. Qb7 1-0

[Event "4th Batumi Cup 2018"]
[Site "Batumi"]
[Date "2018.07.05"]
[Round "4"]
[White "Akhvlediani, Irakli"]
[Black "Khalaji, Hanieh"]
[Result "1-0"]
[ECO "D10"]
[WhiteElo "2264"]
[BlackElo "2146"]
[Annotator "NA"]
[PlyCount "65"]
[EventDate "2018.07.03"]
[EventType "swiss"]
[EventCountry "GEO"]
[SourceTitle "playchess.com"]
[Source "ChessBase"]
[SourceQuality "1"]
[TimeControl "40/5400+30:1800+30"]

1. d4 d5 2. Bf4 Nf6 3. e3 c6 4. c4 Bf5 5. Nc3 e6 6. Qb3 Qb6 7. c5 Qxb3 {[%emt 0:01:18] LiveBook: 41 Games} 8. axb3 Nbd7 9. b4 Nh5 10. Bc7 Rc8 11. Rxa7 (11. Be5 $5) 11... Rxc7 12. b5 Kd8 13. b6 $11 Nxb6 14. cxb6 Rd7 15. Nf3 f6 16. Be2 g6 17. O-O Bg4 18. Na4 Bxf3 19. Bxf3 Ke8 20. Ra1 Kf7 21. Ra8 Rg8 22. Nc5 Bxc5 23. dxc5 Ng7 24. Rxg8 Kxg8 25. b4 e5 26. b5 Ne6 27. bxc6 bxc6 28. Bxd5 cxd5 29. Ra8+ Kf7 30. c6 Rd6 31. Ra7+ Ke8 32. b7 Rd8 33. Ra8 1-0

[Event "4th Batumi Cup 2018"]
[Site "Batumi"]
[Date "2018.07.05"]
[Round "4"]
[White "Khomeriki, Nino"]
[Black "Sindarov, Javokhir"]
[Result "*"]
[ECO "D02"]
[WhiteElo "2257"]
[BlackElo "2474"]
[Annotator "ChessBase"]
[PlyCount "42"]
[EventDate "2018.07.03"]
[EventType "swiss"]
[EventCountry "GEO"]
[SourceTitle "playchess.com"]
[Source "ChessBase"]
[SourceQuality "1"]
[TimeControl "40/5400+30:1800+30"]

1. d4 Nf6 2. Bf4 e6 3. e3 d5 4. Nf3 Bd6 5. Ne5 O-O 6. Nd2 c5 7. c3 b6 8. Bd3 Ba6 9. Qe2 Bxd3 10. Qxd3 Qc7 11. Bg3 Nc6 12. f4 a6 13. Bh4 Nd7 14. O-O f6 15. Nef3 cxd4 16. cxd4 Nb4 17. Qe2 Qc2 18. Rfb1 Rac8 19. Ne1 Qg6 20. Rc1 b5 21. a3 Nc6 *

[Event "4th Batumi Cup 2018"]
[Site "Batumi"]
[Date "2018.07.05"]
[Round "4"]
[White "Khomeriki, Nino"]
[Black "Sindarov, Javokhir"]
[Result "0-1"]
[ECO "E62"]
[WhiteElo "2257"]
[BlackElo "2474"]
[Annotator "ChessBase"]
[PlyCount "110"]
[EventDate "2018.07.03"]
[EventType "swiss"]
[EventCountry "GEO"]
[SourceTitle "playchess.com"]
[Source "ChessBase"]
[SourceQuality "1"]
[TimeControl "40/5400+30:1800+30"]

1. d4 Nf6 2. c4 g6 3. g3 Bg7 4. Bg2 O-O 5. Nc3 d6 6. Nf3 Nc6 7. O-O Bg4 8. h3 Bxf3 9. exf3 d5 10. f4 e6 11. Be3 Qd7 12. Qa4 Rfd8 13. c5 b6 14. b4 Ne8 15. Rfd1 Ne7 16. Bf1 c6 17. Rac1 Nc7 18. Qc2 b5 19. a4 a6 20. Ra1 f6 21. Ra3 Nf5 22. Bd3 Nxe3 23. fxe3 e5 24. Bf1 exd4 25. exd4 f5 26. Kh1 Re8 27. Bg2 Kh8 28. Qf2 Qe6 29. a5 h5 30. Bf3 Re7 31. Ne2 Rae8 32. Ng1 Qf6 33. Bg2 h4 34. gxh4 Ne6 35. Nf3 Nxf4 36. Ne5 Rxe5 37. dxe5 Qxe5 38. Rf3 Nh5 39. Rfd3 Bf6 40. Bf3 Ng3+ 41. Kg2 Bxh4 42. Qd4 Qxd4 43. Rxd4 Ne4 44. Rf1 Kg7 45. Bd1 Bf6 46. Rd3 Bc3 47. h4 Kf6 48. h5 gxh5 49. Bxh5 Rg8+ 50. Kh3 Rh8 51. Kh4 Bd2 52. Rxd2 Nxd2 53. Rf2 Ne4 54. Rg2 Ke5 55. Re2 d4 0-1

[Event "4th Batumi Cup 2018"]
[Site "Batumi"]
[Date "2018.07.05"]
[Round "4"]
[White "Primbetov, Kazbek"]
[Black "Gvetadze, Sofio"]
[Result "0-1"]
[ECO "C50"]
[WhiteElo "2257"]
[BlackElo "2316"]
[Annotator "NA"]
[PlyCount "58"]
[EventDate "2018.07.03"]
[EventType "swiss"]
[EventCountry "GEO"]
[SourceTitle "playchess.com"]
[Source "ChessBase"]
[SourceQuality "1"]
[TimeControl "40/5400+30:1800+30"]

1. e4 e5 2. Nf3 Nc6 3. Bc4 Be7 4. c3 Nf6 5. d4 d6 6. d5 Nb8 7. Bd3 O-O 8. c4 Nbd7 9. Nc3 a5 10. Be3 b6 11. h3 Nc5 12. Bc2 Ne8 13. a3 f5 14. exf5 Bxf5 15. Bxf5 Rxf5 16. O-O Qd7 $16 (16... a4 $14) 17. Bxc5 bxc5 18. Ne4 Rb8 19. Rb1 g6 20. Re1 Ng7 21. Re3 Rf4 22. Nxc5 dxc5 23. Nxe5 Qd6 24. Nc6 Bh4 25. g3 Rbf8 26. Ne5 Rxf2 27. Qe1 Bg5 28. Re4 R2f5 29. Nd3 Rf1+ 0-1

[Event "4th Batumi Cup 2018"]
[Site "Batumi"]
[Date "2018.07.05"]
[Round "4"]
[White "Eynullayev, Altay"]
[Black "Pourramezanali, Amirreza"]
[Result "0-1"]
[ECO "A62"]
[WhiteElo "2134"]
[BlackElo "2537"]
[Annotator "ChessBase"]
[PlyCount "86"]
[EventDate "2018.07.03"]
[EventType "swiss"]
[EventCountry "GEO"]
[SourceTitle "playchess.com"]
[Source "ChessBase"]
[SourceQuality "1"]
[TimeControl "40/5400+30:1800+30"]

1. d4 Nf6 2. c4 e6 3. g3 c5 4. d5 exd5 5. cxd5 g6 6. Nc3 d6 7. Bg2 Bg7 8. Nf3 O-O 9. O-O Re8 10. Bf4 Na6 11. Re1 Bg4 12. h3 Bxf3 13. Bxf3 Nd7 14. Ne4 Ne5 15. Bg2 Nc7 16. g4 Qd7 17. Bg5 f5 18. gxf5 gxf5 19. Ng3 Kh8 20. e4 fxe4 21. Bxe4 Rf8 22. Qh5 Bf6 23. Bf5 Qg7 24. Bh6 Qg8 25. Bxf8 Rxf8 26. Rad1 Nb5 27. Kh1 Nd4 28. Rg1 Nef3 29. Rxd4 Nxd4 30. Be4 Qf7 31. Qxf7 Rxf7 32. b3 Be5 33. Kg2 b5 34. Re1 a5 35. Re3 b4 36. Nf1 Nb5 37. Nd2 Nc3 38. Nc4 Bd4 39. Nxd6 Rd7 40. Rxc3 bxc3 41. Nc4 Rxd5 42. Ne5 Rxe5 43. Bd3 Re2 0-1

[Event "4th Batumi Cup 2018"]
[Site "Batumi"]
[Date "2018.07.05"]
[Round "4"]
[White "Al Hosani, Omran"]
[Black "Oboladze, Luka"]
[Result "1/2-1/2"]
[ECO "E30"]
[WhiteElo "2089"]
[BlackElo "2378"]
[Annotator "NA"]
[PlyCount "91"]
[EventDate "2018.07.03"]
[EventType "swiss"]
[EventCountry "GEO"]
[SourceTitle "playchess.com"]
[Source "ChessBase"]
[SourceQuality "1"]
[TimeControl "40/5400+30:1800+30"]

1. d4 Nf6 2. c4 e6 3. Nc3 Bb4 4. Bg5 h6 5. Bxf6 Qxf6 6. e3 c5 7. Nf3 Nc6 8. Be2 d6 9. O-O Bxc3 10. bxc3 O-O 11. dxc5 dxc5 12. Qd6 Qxc3 13. Qxc5 Bd7 14. Rad1 Rfd8 15. Rd3 Qf6 16. Rfd1 Be8 17. Rxd8 Rxd8 18. Rxd8 Qxd8 19. h3 b6 20. Qa3 Qf6 21. Nd4 Nxd4 22. exd4 Qxd4 23. Qxa7 Bc6 24. Qb8+ Kh7 25. Qc7 Be8 26. Qe7 Qd7 27. Qb4 Qc7 28. Bd3+ Kg8 29. Be4 Qf4 30. Bf3 Qc1+ 31. Kh2 Qf4+ 32. Kg1 Qd4 33. a3 g6 34. g3 Kg7 35. Kg2 Bd7 36. h4 Bc8 37. Qb5 e5 38. Bd5 Bf5 39. Qc6 g5 40. hxg5 hxg5 41. Qb7 Bg6 42. Qe7 Be4+ 43. f3 Bxd5 44. Qxg5+ Kh7 45. Qh5+ Kg7 46. Qg5+ 1/2-1/2

[Event "4th Batumi Cup 2018"]
[Site "Batumi"]
[Date "2018.07.06"]
[Round "5"]
[White "Smirnov, Pavel"]
[Black "Jumabayev, Rinat"]
[Result "1/2-1/2"]
[ECO "E11"]
[WhiteElo "2576"]
[BlackElo "2594"]
[Annotator "ChessBase"]
[PlyCount "21"]
[EventDate "2018.07.03"]
[EventType "swiss"]
[EventCountry "GEO"]
[SourceTitle "playchess.com"]
[Source "ChessBase"]
[SourceQuality "1"]
[TimeControl "40/5400+30:1800+30"]

1. d4 Nf6 2. c4 e6 3. g3 Bb4+ 4. Bd2 Be7 5. Bg2 d5 6. Nf3 O-O 7. O-O Nbd7 8. b4 c6 9. Qc2 Ne4 10. Be1 f5 11. Nc3 1/2-1/2

[Event "4th Batumi Cup 2018"]
[Site "Batumi"]
[Date "2018.07.06"]
[Round "5"]
[White "Sindarov, Javokhir"]
[Black "Tutisani, Noe"]
[Result "1/2-1/2"]
[ECO "B90"]
[WhiteElo "2474"]
[BlackElo "2469"]
[Annotator "ChessBase"]
[PlyCount "39"]
[EventDate "2018.07.03"]
[EventType "swiss"]
[EventCountry "GEO"]
[SourceTitle "playchess.com"]
[Source "ChessBase"]
[SourceQuality "1"]
[TimeControl "40/5400+30:1800+30"]

1. e4 c5 2. Nf3 d6 3. d4 cxd4 4. Nxd4 Nf6 5. Nc3 a6 6. a3 g6 7. Be3 Bg7 8. f3 Nc6 9. g4 O-O 10. Qd2 Be6 11. O-O-O Nxd4 12. Bxd4 Qa5 13. Kb1 Rfc8 14. h4 b5 15. Nd5 Qxd2 16. Rxd2 Bxd5 17. exd5 Nd7 18. Bxg7 Kxg7 19. g5 h6 20. Bh3 1/2-1/2

[Event "4th Batumi Cup 2018"]
[Site "Batumi"]
[Date "2018.07.06"]
[Round "5"]
[White "Duzhakov, Ilya"]
[Black "Mgeladze, Tamaz"]
[Result "1-0"]
[ECO "E62"]
[WhiteElo "2448"]
[BlackElo "2374"]
[Annotator "ChessBase"]
[PlyCount "119"]
[EventDate "2018.07.03"]
[EventType "swiss"]
[EventCountry "GEO"]
[SourceTitle "playchess.com"]
[Source "ChessBase"]
[SourceQuality "1"]
[TimeControl "40/5400+30:1800+30"]

1. d4 Nf6 2. c4 g6 3. Nc3 Bg7 4. g3 O-O 5. Bg2 d6 6. Nf3 Nc6 7. O-O Rb8 8. Bf4 a6 9. Rc1 h6 10. h3 g5 11. Be3 g4 12. hxg4 Nxg4 13. Qd2 Nxe3 14. Qxe3 Bg4 15. Rfd1 Qd7 16. d5 Nd8 17. c5 e5 18. dxe6 fxe6 19. cxd6 cxd6 20. Ne5 Bxe5 21. Qxe5 Nf7 22. Qf4 Bf5 23. Ne4 Bxe4 24. Qxe4 Kh8 25. Qg6 Rg8 26. Qf6+ Rg7 27. Rc4 Kg8 28. Rdc1 Re8 29. Rc7 Qd8 30. Qf4 b6 31. Qd4 b5 32. R1c6 Rf8 33. Qc3 h5 34. Bh3 b4 35. Qxb4 h4 36. Rc8 Qg5 37. Rxf8+ Kxf8 38. Rc8+ Ke7 39. Rc7+ Kf6 40. Qe4 Ne5 41. Rxg7 Kxg7 42. Qxh4 Qc1+ 43. Kg2 Qc6+ 44. Kh2 Ng6 45. Qg5 Qb6 46. Kg1 Qxb2 47. Bxe6 Qb1+ 48. Kh2 Qf1 49. Qe3 Qd1 50. Bg4 Qa4 51. Qe6 Qd4 52. Kg2 Ne5 53. Bf5 Nf7 54. Qe7 Qd5+ 55. e4 Qd4 56. Qb7 Qc4 57. Qb2+ Kf8 58. Qf6 Kg8 59. Kh2 Qe2 60. Be6 1-0

[Event "4th Batumi Cup 2018"]
[Site "Batumi"]
[Date "2018.07.06"]
[Round "5"]
[White "Rahul Srivatshav P"]
[Black "Primbetov, Kazbek"]
[Result "1-0"]
[ECO "B54"]
[WhiteElo "2397"]
[BlackElo "2257"]
[Annotator "NA"]
[PlyCount "125"]
[EventDate "2018.07.03"]
[EventType "swiss"]
[EventCountry "GEO"]
[SourceTitle "playchess.com"]
[Source "ChessBase"]
[SourceQuality "1"]
[TimeControl "40/5400+30:1800+30"]

1. e4 c5 2. Nf3 d6 3. Bb5+ Bd7 4. c4 Nc6 5. d4 cxd4 6. Nxd4 Nf6 {[%emt 0:00:00] B54: Sicilian: 2...d6 3 d4 cxd4 4 Nxd4, Unusual Lines} (6... g6 7. Nc3 Bg7 8. Be3 Nf6 9. f3 O-O 10. Bxc6 bxc6 11. O-O e5 12. Nde2 Be6 13. Qa4 d5 14. cxd5 cxd5 15. exd5 Nxd5 16. Nxd5 Qxd5 {½-½ (31) Romanov,E (2619)-Artemiev,V (2704) Sochi 2018}) 7. Nc3 g6 8. O-O Bg7 9. Bxc6 Bxc6 10. Re1 {[%emt 0:01:42] LiveBook: 13 Partien} O-O 11. h3 $146 ({Predecessor:} 11. b3 a5 12. Bb2 Nd7 {1-0 (40) Cornette,M (2586)-Moussard,J (2487) Saint-Quentin 2015}) 11... Rc8 12. b3 a6 13. Bb2 e6 14. Qd2 Qa5 15. Rad1 Qh5 16. Ba3 Rfd8 17. Nxc6 Rxc6 18. e5 Ne8 19. exd6 Qa5 20. Nb1 Qf5 21. c5 b6 22. cxb6 Nxd6 23. Bxd6 Rxb6 24. g4 Qf6 $1 25. Be5 Rxd2 26. Bxf6 Rxd1 27. Rxd1 Bxf6 28. Na3 a5 29. Nc4 Rb5 30. Rd7 Bc3 31. Rxf7 a4 (31... Rxb3 $1 $11 32. axb3 Kxf7) 32. Re7 axb3 33. axb3 e5 34. Kg2 h6 35. Nd6 (35. Re6 $16) 35... Rxb3 36. Ne4 Bd4 37. Nf6+ Kf8 38. Rh7 Rb2 39. Nd7+ Kg8 40. Nf6+ Kf8 41. Ne4 Be3 42. Kf3 Bf4 43. Nc5 Kg8 44. Rd7 Rc2 45. Ne6 Rc3+ 46. Ke4 Rc4+ (46... Kh8 $14) 47. Kd3 Ra4 48. Rg7+ Kh8 49. Rxg6 e4+ {[%emt 0:00:52] [#]} 50. Ke2 $1 Ra2+ 51. Kf1 e3 $2 (51... Bc1 $16 52. Nd4 Ra4) 52. Nxf4 Rxf2+ {[%emt 0:00:02] [#]} 53. Kg1 $1 Rxf4 54. Rxh6+ Kg7 55. Re6 Rf3 56. Kg2 Rf2+ 57. Kg3 Re2 58. h4 Re1 59. Kf4 Rf1+ 60. Kg5 Rf3 61. h5 Kf7 62. Re4 Rh3 $18 63. Kf4 1-0

[Event "4th Batumi Cup 2018"]
[Site "Batumi"]
[Date "2018.07.06"]
[Round "5"]
[White "Oboladze, Luka"]
[Black "Khomeriki, Nino"]
[Result "0-1"]
[ECO "A25"]
[WhiteElo "2378"]
[BlackElo "2257"]
[Annotator "RC"]
[PlyCount "120"]
[EventDate "2018.07.03"]
[EventType "swiss"]
[EventCountry "GEO"]
[SourceTitle "playchess.com"]
[Source "ChessBase"]
[SourceQuality "1"]
[TimeControl "40/5400+30:1800+30"]

1. c4 e5 2. Nc3 Nc6 3. g3 g6 4. Bg2 Bg7 5. e3 Nf6 6. Nge2 O-O 7. O-O d6 8. d3 Be6 9. Nd5 Qd7 10. e4 Ne8 11. Be3 Nd8 12. f4 c6 13. f5 gxf5 14. exf5 Bxf5 15. Rxf5 cxd5 16. Qf1 d4 17. Bd2 Nc6 18. Be4 Ne7 19. g4 d5 20. cxd5 Nd6 21. Ng3 Nexf5 22. Bxf5 Nxf5 23. Nxf5 f6 24. Qf3 Rf7 25. d6 Rc8 26. Bh6 Bf8 27. Bxf8 Kxf8 28. Nh6 Rc6 29. Nxf7 Qxf7 30. Qf5 Rxd6 31. Rf1 Kg7 32. Qe4 Rc6 33. g5 Qg6 34. Rf5 fxg5 35. Qxe5+ Kh6 36. Rf3 Qe6 37. Qxd4 Kg6 38. Qe4+ Qxe4 39. dxe4 Rc4 40. Rb3 b6 41. Ra3 a5 42. Rb3 Rb4 43. Rf3 Rxe4 44. Rf2 Rg4+ 45. Kh1 h5 46. h3 Rf4 47. Rc2 Kf5 48. Kg2 Rb4 49. Kf3 Rf4+ 50. Kg2 Ke5 51. Rc6 Rf6 52. Rc8 Kd4 53. Kg3 Rf4 54. Rg8 h4+ 55. Kg2 Rf5 56. Rg6 Rb5 57. Kf3 Kd3 58. Kg4 Kc2 59. a4 Rb4+ 60. Kxg5 Kxb2 0-1

[Event "4th Batumi Cup 2018"]
[Site "Batumi"]
[Date "2018.07.06"]
[Round "5"]
[White "Martynov, Roman"]
[Black "Sanchez, Louis"]
[Result "1/2-1/2"]
[ECO "E11"]
[WhiteElo "2366"]
[BlackElo "2290"]
[Annotator "NA"]
[PlyCount "48"]
[EventDate "2018.07.03"]
[EventType "swiss"]
[EventCountry "GEO"]
[SourceTitle "playchess.com"]
[Source "ChessBase"]
[SourceQuality "1"]
[TimeControl "40/5400+30:1800+30"]

1. d4 d5 2. c4 e6 3. Nf3 Nf6 4. g3 Bb4+ 5. Bd2 Be7 6. Bg2 c6 7. Qc2 b6 8. O-O Nbd7 9. Bf4 Bb7 10. Nc3 dxc4 {[%emt 0:07:29] LiveBook: 3 Games} 11. Nd2 Nd5 12. Nxc4 Nxf4 13. gxf4 O-O 14. Rfd1 Qc7 15. e3 Rad8 16. a3 c5 17. d5 exd5 18. Nxd5 Bxd5 19. Rxd5 b5 20. Ne5 Nxe5 21. Rxe5 Bd6 22. Rd5 Be7 23. Re5 (23. Bf1 $2 ) (23. a4 $11) 23... Bd6 24. Rd5 Be7 1/2-1/2